 Dungeon Sprint DCSS version 0.20-a0-9-g62d82d9 (webtiles) character file.

35 packetloss the Shield-Bearer (level 3, -4/21 HPs)
             Began as a Vine Stalker Fighter on Nov 1, 2016.
             Killed by divine providence
             ... invoked by an orc priest
              (16 damage)
             ... in the Dungeon (Sprint IX: "|||||||||||||||||||||||||||||").
             The game lasted 00:00:35 (67 turns).

packetloss the Shield-Bearer (Vine Stalker Fighter)   Turns: 67, Time: 00:00:37

Health: -4/21      AC:  6    Str: 24    XL:     3   Next: 33%
Magic:  0/4        EV:  7    Int:  8    God:
Gold:   0          SH: 10    Dex: 13    Spells: 0 memorised, 2 levels left

rFire  . . .     SeeInvis .     a - +0 war axe
rCold  . . .     Gourm    .     b - +0 scale mail
rNeg   . . .     Faith    .     c - +0 shield
rPois  .         Spirit   +     (no helmet)
rElec  .         Reflect  .     (no cloak)
rCorr  .         Harm     .     (no gloves)
MR     .....     NoTele   +     (no boots)
Stlth  ..........               (no amulet)
                                (no ring)
                                (no ring)

@: mighty
A: fangs 2, magic shield, antimagic bite, no device heal 3, rot immunity
a: no special abilities


You were in the Dungeon.
You were not hungry.

You visited 1 branch

Inventory:

Hand Weapons
 a - a +0 war axe (weapon)
Armour
 b - a +0 scale mail (worn)
 c - a +0 shield (worn)
Scrolls
 k - a scroll of blinking {!r}
Potions
 e - a potion of curing
 g - a potion of heal wounds
 h - a potion of haste
 i - 2 potions of magic
 j - a potion of berserk rage {!q}
Comestibles
 f - a bread ration {@e1}
 l - a chunk of flesh {@w0}


   Skills:
 + Level 3.8 Fighting
 + Level 3.2 Axes
 + Level 3.6 Armour
 + Level 3.9 Shields


You had 2 spell levels left.
You didn't know any spells.

Dungeon Overview and Level Annotations

Branches:
Dungeon (1/1)

Altars:


Innate Abilities, Weirdness & Mutations

You have extremely sharp teeth.
When hurt, damage is shared between your health and your magic reserves.
Your bite disrupts and absorbs the magic of your enemies.
Potions and wands cannot restore your health.
You are immune to rotting.


Message History

You miss the bat. Your bite misses the bat.
The bat hits you but does no damage.
You hit the bat.
You kill the bat!
The bat hits you but does no damage.
You miss the bat. The bat hits you. You block the bat's attack.
You take 1 damage, and have 10/11 hp.
You closely miss the bat. Your bite misses the bat. You block the bat's attack.
The bat hits you. You block the bat's attack.
You take 1 damage, and have 9/11 hp.
You slash the bat!
You kill the bat!
The kobold throws a stone.
You block the stone.
The kobold throws a stone.
You block the stone. The kobold barely misses you.
There is an open door to the Dungeon, spattered with blood here.
Items here: †††† a bat corpse x2; a rat corpse; a goblin corpse You barely miss the kobold.
You bite the kobold, but do no damage. You block the kobold's attack.
You completely miss the kobold. You bite the kobold. You drain its power.
You block the kobold's attack.
You hit the kobold.
You kill the kobold!
Your Fighting skill increases to level 3!
Things that are here:
a club; 2 stones
There is an open door to the Dungeon, spattered with blood here.
Items here: †††† a bat corpse x2; a rat corpse; a goblin corpse You butcher the bat corpse.
l - a chunk of flesh {@w0}
There is an open door to the Dungeon, spattered with blood here.
Things that are here:
a bat corpse; a rat corpse; a goblin corpse
Things that are here:
a club; 2 stones You start resting.
Health restored: 12
Okay, then.
You open the door.
A frilled lizard, 2 hounds, a worker ant and an orc priest come into view.
The frilled lizard hisses angrily.
The worker ant twitches its antennae in your direction.
The orc priest shouts!
The hound barks!
Warning x2: The worker ant is fast and can poison!
The orc priest can smite you!
Unknown command.
You hit the hound. You bite the hound. You drain its power.
The hound bites you but does no damage. The hound barely misses you.
You hit the hound but do no damage. You block the hound's attack.
The hound bites you but does no damage.
You barely miss the hound. You bite the hound. You drain its power.
The hound bites you. You block the hound's attack.
The hound closely misses you.
Warning x2: The worker ant is fast and can poison!
The orc priest can smite you!
You take 1 damage, and have 11/12 hp.
You now have 1/2 mp.
Unknown command.
You miss the hound. Your bite misses the hound.
The hound bites you but does no damage.
The orc priest miscasts a cantrip.
The hound bites you.
The worker ant waves its antennae.
Warning x2: The worker ant is fast and can poison!
The orc priest can smite you!
You take 1 damage, and have 10/12 hp.
Unknown command.
You barely miss the hound. You bite the hound. You drain its power.
You feel invigorated. You block the hound's attack.
The hound completely misses you.
MP restored: 2 Unknown command.
Warning x2: The worker ant is fast and can poison!
The orc priest can smite you!
You closely miss the hound. Your bite misses the hound.
The hound barely misses you. You block the hound's attack.
Unknown command.
You closely miss the hound. Your bite misses the hound. The hound bites you.
The hound closely misses you.
You take 2 damage, and have 8/12 hp.
You now have 1/2 mp.
Unknown command.
Warning x2: The worker ant is fast and can poison!
The orc priest can smite you!
You feel very mighty all of a sudden. The hound bites you.
The hound bites you but does no damage.
You take 1 damage, and have 7/12 hp.
You slash the hound!
You kill the hound!
Your Axes skill increases to level 3!
Your Armour skill increases to level 3!
You have reached level 2!
You have reached level 3!
Your experience leads to an increase in your attributes!
Your base attributes are Str 18, Int 8, Dex 13.
Increase (S)trength, (I)ntelligence, or (D)exterity?
You feel stronger. The hound bites you.
Warning x2: The worker ant is fast and can poison!
The orc priest can smite you!
You regained 5 hp, and now have 12/21 hp.
Unknown command.
Unknown command.
You closely miss the hound. The hound barely misses you.
The orc priest calls down the wrath of Beogh upon you.
Beogh smites you!
Ouch! That really hurt!
You die...

▓+▓
▓.▓
▓.▓
▓l▓
▓a▓
▓o▓
▓h▓
▓@▓
▓.▓
▓.▓
▓.▓
▓)▓
▓†▓
▓(▓
▓.▓


You could see a hound, a worker ant, an orc priest and a frilled lizard.

Vanquished Creatures
  A hound (D)
  2 bats (D)
  A goblin (D)
  A kobold (D)
  A rat (D)
6 creatures vanquished.

Notes
Turn   | Place    | Note
-------+----------+-------------------------------------------
     0 | D        | packetloss the Vine Stalker Fighter began the quest for the Orb.
     0 | D        | Reached XP level 1. HP: 11/11 MP: 2/2
     6 | D        | Reached skill level 2 in Axes
     7 | D        | Reached skill level 3 in Shields
    16 | D        | Reached skill level 3 in Fighting
    57 | D        | Noticed a worker ant
    57 | D        | Noticed an orc priest
    57 | D        | Noticed a hound
    57 | D        | Noticed a hound
    66 | D        | Killed a hound
    66 | D        | Reached skill level 3 in Axes
    66 | D        | Reached skill level 3 in Armour
    66 | D        | Reached XP level 2. HP: 10/17 MP: 1/3
    66 | D        | Reached XP level 3. HP: 13/21 MP: 1/4
    67 | D        | Killed from afar by an orc priest

Vault maps used:
D:        linesprint

Skill      XL: |  1 |
---------------+----+-----
Axes           | 3 |  3.2
Shields        | 3 |  3.9
Fighting       | 3 |  3.8
Armour         | 3 |  3.6

Action                   || total
-------------------------++-------
Melee: War axe           ||    21
       Bite              ||     5
  Use: Potion            ||     1
Armor: Scale mail        ||     7
Dodge: Dodged            ||     8
Block: Shield            ||    15

Vault maps used:
D:        linesprint

Table legend:
 A = Turns spent in this place as a percentage of turns spent in the entire game.
 B = Non-inter-level travel turns spent in this place as a percentage of non-inter-level travel turns spent in the entire game.
 C = Inter-level travel turns spent in this place as a percentage of turns spent in this place.
 D = Turns resting spent in this place as a percentage of non-inter-level travel turns spent in this place.
 E = Turns spent auto-exploring this place as a percentage of non-inter-level travel turns spent in this place.
 F = Non-inter-level travel turns spent in this place divided by the number of levels of this place that you've seen.
                   A       B       C       D       E      F
               +-------+-------+-------+-------+-------+----------------------
         Total | 100.0 | 100.0 |   0.0 |   4.0 |   0.0 |  50.0
       Dungeon | 100.0 | 100.0 |   0.0 |   4.0 |   0.0 |  50.0
               +-------+-------+-------+-------+-------+----------------------

Table legend:
 A = Kills in this place as a percentage of kills in entire the game.
 B = Kills by you in this place as a percentage of kills by you in the entire game.
 C = Kills by friends in this place as a percentage of kills by friends in the entire game.
 D = Other kills in this place as a percentage of other kills in the entire game.
 E = Experience gained in this place as a percentage of experience gained in the entire game.
 F = Experience gained in this place divided by the number of levels of this place that you have seen.
                   A       B       C       D       E      F
               +-------+-------+-------+-------+-------+----------------------
         Total | 100.0 | 100.0 |  -nan |  -nan | 100.0 |  50.0
       Dungeon | 100.0 | 100.0 |  -nan |  -nan | 100.0 |  50.0
               +-------+-------+-------+-------+-------+----------------------
